Map: Zen LE

Players

Epic

  • Race: Terran Terran
  • League: Master
  • Spawn Location: 7:00

Astrea - Winner!

  • Race: Protoss Protoss
  • League: Grandmaster
  • Spawn Location: 1:00

Event: Cheeseadelphia XI, Cheeseadelphia XI

VOD

Have the link to the VOD?

Description

Time

  • Played on: Dec. 15, 2019, 12:59 p.m.
  • Length: 6:34

All games in this series

Show
View Real Time Build Order
Export as new Build Order

Epic Terran 

Build Orders: Reaper Expand 

Get SALT Encoding   

  12  0:00  SCV  
  13  0:12  SCV  
  14  0:17  Supply Depot  
  14  0:24  SCV  
  15  0:39  Barracks, SCV  
  16  0:43  Refinery  
  16  0:51  SCV  
  17  1:03  SCV  
  18  1:15  SCV  
  19  1:26  Reaper  
  19  1:27  Orbital Command  
  20  1:42  Command Center  
  20  1:49  Supply Depot  
  20  1:53  SCV  
  21  1:58  Marine  
  22  2:05  Factory  
  23  2:08  SCV  
  23  2:18  Barracks  
  23  2:19  Barracks Reactor  
  23  2:21  SCV  
  24  2:27  Refinery  
  24  2:33  SCV  
  25  2:45  SCV  
  25  2:49  Factory Tech Lab  
  26  2:55  Orbital Command  
  26  2:56  Marine x2  
  26  2:57  SCV  
  29  3:05  Barracks Tech Lab  
  29  3:08  Siege Tank  
  29  3:09  SCV  
  33  3:13  Marine x2  
  35  3:20  SCV  
  35  3:22  SCV  
  35  3:25  Marine  
  38  3:28  Combat Shield  
  38  3:31  Marine x2  
  39  3:35  SCV  
  39  3:36  Supply Depot  
  39  3:37  SCV  
  38  3:48  Marine  
  37  3:49  Marine x2  
  37  3:52  SCV  
  37  3:53  SCV  
  41  3:59  Siege Tank  
  44  4:06  Supply Depot  
  41  4:11  SCV x2  
  41  4:18  Marine x3  
  44  4:25  SCV x2  
  44  4:31  Siege Tank  
  45  4:39  Marine x3  
  45  4:41  SCV x2  
  45  4:43  Supply Depot  
  50  4:47  Stimpack  
  50  4:53  SCV x2  
  50  4:57  Marine x3  
  55  5:05  Supply Depot  
  55  5:07  SCV x2  
  57  5:17  Barracks  
  57  5:19  SCV x2  
  57  5:21  Factory Reactor, Starport  
  59  5:22  Marine x3  
  59  5:30  Bunker  
  59  5:35  SCV x2  
  46  5:40  Marine x3  
  40  5:49  SCV x2  
Show
View Real Time Build Order
Export as new Build Order

Astrea Protoss - Winner!

Build Orders: 1 Gate Expand, Oracle Opening 

Get SALT Encoding   

  12  0:00  Probe  
  13  0:12  Probe  
  14  0:17  Pylon  
  14  0:25  Probe (Chrono Boost)  
  16  0:37  Probe (Chrono Boost)  
  16  0:39  Gateway  
  16  0:43  Probe (Chrono Boost)  
  16  0:46  Assimilator  
  17  0:51  Probe  
  18  1:03  Probe  
  19  1:15  Probe  
  20  1:32  Nexus  
  20  1:38  Cybernetics Core  
  20  1:42  Probe  
  20  1:47  Assimilator  
  21  1:54  Pylon  
  21  1:55  Probe  
  22  2:07  Probe (Chrono Boost)  
  23  2:11  Adept (Chrono Boost)  
  25  2:19  Probe (Chrono Boost)  
  25  2:22  Stargate  
  26  2:25  Probe (Chrono Boost)  
  27  2:34  Probe  
  26  2:44  Probe  
  26  2:46  Probe  
  28  2:54  Adept  
  28  2:55  Warp Gate  
  28  2:56  Probe  
  28  2:58  Probe  
  32  3:02  Oracle (Chrono Boost)  
  35  3:08  Probe  
  35  3:10  Probe  
  37  3:21  Probe  
  37  3:22  Probe  
  39  3:30  Oracle (Chrono Boost)  
  39  3:32  Pylon  
  39  3:33  Probe  
  43  3:34  Probe  
  44  3:45  Probe  
  44  3:46  Probe  
  46  3:52  Pylon  
  46  3:57  Probe  
  46  3:58  Oracle (Chrono Boost), Probe  
  51  4:08  Gateway x2  
  51  4:09  Probe  
  52  4:10  Probe  
  53  4:21  Probe  
  55  4:24  Probe  
  55  4:26  Pylon  
  55  4:27  Oracle (Chrono Boost)  
  58  4:33  Probe  
  58  4:36  Probe  
  60  4:44  Assimilator  
  60  4:45  Adept, Probe  
  63  4:47  Assimilator  
  63  4:48  Nexus, Probe  
  63  4:52  Pylon  
  64  5:01  Oracle (Chrono Boost)  
  64  5:03  Adept  
  69  5:11  Adept x2  
  73  5:19  Pylon, Probe x2  
  73  5:21  Pylon  
  75  5:30  Adept  
  75  5:31  Probe  
  78  5:37  Probe  
  78  5:38  Adept x2  
  83  5:43  Probe  
  83  5:46  Oracle  
  83  5:49  Probe  
  88  5:53  Adept  
  88  5:54  Adept  
  92  6:02  Adept  
  86  6:05  Probe  
  86  6:06  Probe  
  86  6:09  Adept  
  84  6:12  Probe  
  84  6:15  Adept  
  84  6:18  Probe  
  82  6:19  Probe  
Tags
 
Add a new tag
Caveats
  • Supply blocks, unpowered buildings, or Contaminate may cause inaccurate times.
  • Supply counts are checked every 10 seconds.